 Dungeon Sprint DCSS version 0.31-a0-986-g5e6e4ef867 (webtiles) character file.

Game seed: 11972952772804660766

5 rocky1 the Ruffian (level 1, -2/16 HPs)
             Began as a Minotaur Shapeshifter on Nov 14, 2023.
             Slain by a black bear (3 damage)
             ... in the Dungeon (Sprint IX: "|||||||||||||||||||||||||||||").
             The game lasted 00:00:06 (25 turns).

rocky1 the Ruffian (Minotaur Shapeshifter)            Turns: 25, Time: 00:00:07

Health: -2/16      AC:  2    Str: 18    XL:     1   Next: 66%
Magic:  0/0        EV: 12    Int:  7    God:
Gold:   0          SH:  0    Dex:  9    Spells: 0/0 levels left

rFire   . .          .
                       - Unarmed
rCold   . . .        (no shield)
rNeg    . . .        a - +0 animal skin
rPois   .            (helmet currently unavailable)
rElec   .            (cloak currently unavailable)
rCorr   .            (gloves currently unavailable)
SInv    .            (boots currently unavailable)
Will    .....        (no amulet)
Stlth   +            (no ring)
HPRegen 0.22/turn    (no ring)
MPRegen 0.07/turn

%: no teleportation
@: beast-form
A: beast (slay +1), horns 2, retaliatory headbutt
a: Begin Untransformation


You were in the Dungeon.
You were a hulking beast.
You visited 1 branch

Inventory:

Armour
 a - a +0 animal skin (worn)
Talismans
 c - a beast talisman
 d - a flux talisman
Scrolls
 j - a scroll of blinking
Potions
 b - a potion of lignification
 e - a potion of curing
 f - a potion of heal wounds
 g - a potion of haste
 h - 2 potions of magic
 i - a potion of berserk rage


   Skills:
 + Level 1.2 Fighting
 + Level 2.3 Dodging
 + Level 4.0 Unarmed Combat
 + Level 3.1 Shapeshifting


You couldn't memorise any spells.
You didn't know any spells.
Your spell library was empty.

Dungeon Overview and Level Annotations

Branches:
Dungeon (1/1)

Altars:


Innate Abilities, Weirdness & Mutations

You are a hulking beast.
Your limbs bulge with bestial killing power. (Slay +1)
You have a pair of horns on your head.
You reflexively headbutt those who attack you in melee.


Message History

You kill the bat!
The quokka barely misses you.
You hit the quokka but do no damage. You headbutt the quokka.
You kill the quokka!
Your Shapeshifting skill increases to level 3!
The endoplasm freezes you.
You are frozen.
There is an open door to the Dungeon, spattered with blood here.
You see here a bat corpse.
You hit the endoplasm.
The endoplasm is heavily wounded.
The endoplasm barely misses you.
You barely miss the endoplasm. Your headbutt misses the endoplasm.
You punch the endoplasm.
The endoplasm is almost dead.
The endoplasm hits you.
You hit the endoplasm.
You kill the endoplasm!
You hit the ball python.
The ball python is heavily wounded.
The ball python barely misses you. The ball python closely misses you.
You hit the ball python. You headbutt the ball python.
You kill the ball python!
Your Unarmed Combat skill increases to level 4!
You start resting.
HP restored.
You open the door.
An orc, a shadow imp, an iguana, a dart slug and a black bear come into view.
The shadow imp shouts!
The iguana hisses angrily.
The black bear growls angrily.
You hit the black bear.
The black bear is lightly wounded.
The black bear bites you. The black bear claws you. x2
You barely miss the black bear.
The black bear is lightly wounded.
The black bear bites you but does no damage.
The black bear claws you.
* * * LOW HITPOINT WARNING * * *
The black bear claws you.
You die... ▓▓▓▓▓▓▓▓▓▓▓▓▓▓▓▓▓▓ +o5wl.hh....†...<▓ ▓▓▓▓▓▓▓▓▓▓▓▓▓▓▓▓▓▓

You could see a black bear, an iguana, a shadow imp, a dart slug and an orc.

Vanquished Creatures
  A ball python (D)
  An endoplasm (D)
  A quokka (D)
  A bat (D)
  A frilled lizard (D)
5 creatures vanquished.

Notes
Turn   | Place    | Note
-------+----------+-------------------------------------------
     0 | D        | rocky1 the Minotaur Shapeshifter began the quest for the
                  | Orb.
     0 | D        | Reached XP level 1. HP: 16/16 MP: 0/0
    14 | D        | Reached skill level 4 in Unarmed Combat
    23 | D        | Noticed an iguana
    23 | D        | Noticed a black bear
    25 | D        | Slain by a black bear

Illustrated notes

Levels and vault maps discovered:
D:        linesprint [early_d, line_temple, items_1, d_10, items_2, lair_1,
          lair_end, items_3, orc_1, orc_end, items_4, d_15, swamp_1, shoals_1,
          snake_1, spider_1, d_20, vaults_1, items_5, swamp_end, shoals_end,
          snake_end, spider_end, vaults_end, d_27, items_6, zot_1, zot_end,
          crypt_end, forest_end, elf_end, slime_end, tomb_end, abyss_end,
          pan_hell_end]

Skill      XL: |  1 |
---------------+----+-----
Shapeshifting  | 3 |  3.1
Unarmed Combat | 4 |  4.0
Fighting       | |  1.2
Dodging        | |  2.3

Action                     || total
---------------------------++-------
  Melee: Unarmed           ||    11
         Headbutt          ||     2
         Punch             ||     1
 Armour: Animal skin       ||     7
  Dodge: Dodged            ||     5

Table legend: (Time is in decaauts)
 A = Elapsed time spent in this place.
 B = Non-inter-level travel time spent in this place.
 C = Inter-level travel time spent in this place.
 D = Time resting spent in this place.
 E = Time spent auto-exploring this place.
 F = Levels seen in this place.
 G = Mean time per level.
                   A        B        C        D        E       F      G
               +--------+--------+--------+--------+--------+-----+--------+
         Total |     24 |     24 |      0 |      4 |      0 |   1 |   24.0 |
       Dungeon |     24 |     24 |      0 |      4 |      0 |   1 |   24.0 |
               +--------+--------+--------+--------+--------+-----+--------+

Top non-repeatable levels by time:
       D: 24 daAuts
